 Dungeon Crawl Stone Soup version 0.22.1-2-g9c5b331383 (console) character file.

13856 Kloppie the Grappler (level 11, -2/175 HPs)
             Began as a Troll Berserker on Dec 26, 2018.
             Was a High Priest of Trog.
             Engulfed by a cloud of freezing vapour (4 damage)
             ... in an ice cave.
             The game lasted 00:17:56 (8967 turns).

Kloppie the Grappler (Troll Berserker)              Turns: 8967, Time: 00:17:56

Health: -2/175     AC: 10    Str: 32    XL:     11   Next: 81%
Magic:  10/10      EV: 15    Int:  3    God:    Trog [*****.]
Gold:   604        SH:  0    Dex: 12    Spells: 10/10 levels left

rFire    . . .     SeeInvis .     - Unarmed
rCold    + . .     Gourm    +   (no shield)
rNeg     . . .     Faith    .   a - +0 animal skin
rPois    .         Spirit   .   (helmet restricted)
rElec    .         Reflect  .   y - +2 cloak
rCorr    .         Harm     .   (gloves unavailable)
MR       ++...                  (boots unavailable)
Stlth    ..........             (no amulet)
HPRegen  1.79/turn              c - +2 ring of protection
MPRegen  0.12/turn              p - ring of protection from cold

@: berserking, regenerating, very quick
A: large, unfitting armour, claws 3, fast metabolism 3, gourmand, regeneration
1, shaggy fur 1, tough skin 2
a: Berserk, Trog's Hand, Brothers in Arms, Renounce Religion


You were in an ice cave.
You worshipped Trog.
Trog was extremely pleased with you.
You were full.

You visited 2 branches of the dungeon, and saw 11 of its levels.
You also visited: Ice Cave.

You collected 604 gold pieces.

Inventory:

Armour
 a - a +0 animal skin (worn)
 y - a +2 cloak (worn)
Jewellery
 c - a +2 ring of protection (left claw)
 p - a ring of protection from cold (right claw)
 s - an uncursed ring of stealth
Wands
 g - a wand of scattershot (3)
 v - a wand of polymorph (12)
 x - a wand of clouds (7)
Scrolls
 f - 3 scrolls of remove curse
 j - 3 scrolls of enchant armour
 n - 3 scrolls of fog
 q - 4 scrolls of teleportation
 u - 2 scrolls of magic mapping
Potions
 d - 5 potions of flight
 e - 2 potions of brilliance
 i - 2 potions of curing
 k - 2 potions of resistance
 l - 3 potions of agility
 m - 3 potions of heal wounds
 o - a potion of haste
 r - a potion of ambrosia {unknown}
 t - a potion of invisibility {unknown}
 z - 2 potions of magic {unknown}
 A - 2 potions of might {unknown}
 B - 2 potions of lignification {unknown}
Comestibles
 b - 27 rations


   Skills:
 - Level 10.0 Fighting
 - Level 10.2 Dodging
 + Level 10.6 Unarmed Combat


You had 10 spell levels left.
You didn't know any spells.
Your spell library was empty.

Dungeon Overview and Level Annotations

Branches:
Dungeon (10/15)            Temple (0/1) D:6            Lair (1/6) D:10
    Orc: D:9-12

Altars:
Elyvilon
Fedhas
Gozag
Ru
Sif Muna
Uskayaw
Yredelemnul
Zin

Shops:
D:6 :   D:7 :

Annotations:
D:7 1 runed door


Innate Abilities, Weirdness & Mutations

You are too large for most types of armour.
You have claws for hands.
Your metabolism is lightning-fast.
You like to eat raw meat.
Your natural rate of healing is unusually fast.
You are covered in fur. (AC +1)
You have very tough skin. (AC +2)


Message History

* * * LOW HITPOINT WARNING * * *
The reaper freezes you.
* * * LOW HITPOINT WARNING * * *
You mangle the reaper!!
The reaper is heavily wounded.
You are engulfed in freezing vapours.
You resist.
* * * LOW HITPOINT WARNING * * *
You scratch the reaper but do no damage.
The reaper is heavily wounded.
You are engulfed in freezing vapours.
You resist.
* * * LOW HITPOINT WARNING * * *
You claw the reaper!
The reaper is severely wounded.
You are engulfed in freezing vapours.
You resist.
* * * LOW HITPOINT WARNING * * *
The reaper hits you but does no damage.
You closely miss the reaper.
The reaper is severely wounded.
You are engulfed in freezing vapours.
You resist.
You die...

##....##..##
###.......#
##..######
##......# ####
#.......#
##.....## #####
#....## ##...##
##..## ##..00.#
#...## #0000..##
##...# #..00...#
#..## #.00##..##
#...####
##@.#....#
##..#..#
#2##.#..#
#0.#...
.#.#..##.##
#0000..
#..........#..#
#000##.
.2..........0..#
#0.###.
.#..####...#.0.#
##0# ## #.
.....#..0# #00 #
# .....#000##
00. ##
#..###000~#


000 #. # ##00.000##00 ##. .#.#0000.#00## #.. You could see a reaper.

Vanquished Creatures
  2 two-headed ogres
  A tengu warrior (D:10)
  A manticore (D:9)
  A black mamba (Lair:1)
  2 spiny frogs (Lair:1)
  2 centaur skeletons
  2 ice statues (IceCv)
  3 ice devils (IceCv)
  Grinder (D:3)
  A troll (D:10)
  3 hippogriffs
  Sigmund (D:3)
  A wyvern (D:10)
  10 yaks
  A hungry ghost (D:7)
  4 orc warriors
  3 porcupines (D:10)
  3 ice beasts
  A sky beast (D:6)
  A phantom (D:9)
  9 ogres
  5 centaurs
  A wolf (Lair:1)
  A big kobold (D:8)
  7 bullfrogs
  6 scorpions
  4 killer bees (D:8)
  24 wights
  7 crimson imps
  A bullfrog zombie (D:9)
  5 orc priests
  6 hounds
  3 iguanas
  5 jellies
  15 orc wizards
  16 worker ants
  A worker ant zombie (D:10)
  3 gnolls (D:4)
  13 adders
  17 white imps
  8 ufetubi (IceCv)
  2 adder zombies
  2 worms
  3 leopard geckos
  28 orcs
  7 bats
  6 giant cockroaches
  2 goblins
  5 hobgoblins
  12 jackals
  5 quokkas
  4 ball pythons
  A giant cockroach zombie (D:5)
  2 gnoll zombies (D:3)
  12 kobolds
  A quokka skeleton (D:4)
  7 rats
  2 butterflies (D:7)
302 creatures vanquished.

Vanquished Creatures (others)
  4 white imps (IceCv)
  5 ufetubi (IceCv)
  4 fungi (D:10)
  3 plants (D:10)
16 creatures vanquished.

Grand Total: 318 creatures vanquished

Notes
Turn   | Place    | Note
-------+----------+-------------------------------------------
     0 | D:1      | Kloppie the Troll Berserker began the quest for the Orb.
     0 | D:1      | Reached XP level 1. HP: 22/22 MP: 0/0
   404 | D:1      | Reached XP level 2. HP: 28/29 MP: 1/1
   767 | D:2      | Reached XP level 3. HP: 34/37 MP: 2/2
  1317 | D:3      | Noticed Sigmund
  1328 | D:3      | Killed Sigmund
  1328 | D:3      | Reached XP level 4. HP: 39/48 MP: 3/3
  1328 | D:3      | Reached XP level 5. HP: 44/54 MP: 4/4
  1614 | D:3      | Reached ** piety under Trog
  1614 | D:3      | Reached skill level 5 in Unarmed Combat
  1711 | D:3      | Noticed Grinder
  1730 | D:3      | Killed Grinder
  1730 | D:3      | Reached XP level 6. HP: 59/65 MP: 5/5
  2000 | D:3      | Found a basalt altar of Yredelemnul.
  2145 | D:4      | Reached skill level 5 in Fighting
  2149 | D:4      | Reached XP level 7. HP: 72/72 MP: 6/6
  2799 | D:4      | Found a glowing silver altar of Zin.
  2799 | D:4      | Found a white marble altar of Elyvilon.
  2799 | D:4      | Found a blossoming altar of Fedhas.
  2924 | D:5      | Entered Level 5 of the Dungeon
  3070 | D:5      | Reached XP level 8. HP: 79/83 MP: 7/7
  3079 | D:5      | Reached *** piety under Trog
  4021 | D:6      | Found Ukewaq's Book Boutique.
  4069 | D:6      | Found a staircase to the Ecumenical Temple.
  4126 | D:6      | Reached XP level 9. HP: 93/93 MP: 8/8
  4348 | D:7      | Found Foixor's Book Shop.
  4435 | D:7      | Found a runed door.
  4822 | D:7      | Reached **** piety under Trog
  4895 | D:7      | You fall through a shaft for 3 floors!
  4895 | D:10     | Entered Level 10 of the Dungeon
  4905 | D:10     | Reached skill level 5 in Dodging
  5167 | D:10     | Reached XP level 10. HP: 101/102 MP: 9/9
  5373 | D:7      | Found a runed door.
  5468 | D:7      | Found a hide-covered altar of Uskayaw.
  5630 | D:8      | Found an opulent altar of Gozag.
  6444 | D:9      | Found a sacrificial altar of Ru.
  6459 | D:9      | Noticed a two-headed ogre
  6467 | D:9      | Killed a two-headed ogre
  6476 | D:9      | Noticed a manticore
  6713 | D:8      | Reached ***** piety under Trog
  6743 | D:9      | Killed a manticore
  6900 | D:9      | Reached XP level 11. HP: 111/117 MP: 10/10
  7259 | D:9      | Reached skill level 10 in Fighting
  7387 | D:9      | Found a deep blue altar of Sif Muna.
  7816 | D:10     | Found a staircase to the Lair.
  7918 | D:10     | Noticed a two-headed ogre
  7933 | D:10     | Killed a two-headed ogre
  8172 | D:10     | Noticed a tengu warrior
  8186 | D:10     | Killed a tengu warrior
  8186 | D:10     | Reached skill level 10 in Dodging
  8296 | Lair:1   | Entered Level 1 of the Lair of Beasts
  8341 | Lair:1   | Found a frozen archway.
  8391 | IceCv    | Entered an ice cave
  8471 | IceCv    | Reached skill level 10 in Unarmed Combat
  8950 | IceCv    | Noticed a reaper
  8964 | IceCv    | HP: 7/175 [something (2)]
  8966 | IceCv    | HP: 1/175 [something (4)]
  8967 | IceCv    | Engulfed by a cloud of freezing vapour

Skill      XL: |  1  2  3  4  5  6  7  8  9 10 11 |
---------------+----------------------------------+-----
Fighting       | 3 4 5 6 7 9 10 | 10.0
Unarmed Combat | 4 5 6 7 8 9 10 | 10.6
Dodging        | 7 8 10 | 10.2

Action                   |  1- 3 |  4- 6 |  7- 9 | 10-12 || total
-------------------------+-------+-------+-------+-------++-------
Melee: Unarmed           |    71 |    86 |   277 |   502 ||   936
       Punch             |     2 |     1 |     8 |    18 ||    29
Invok: Berserk           |     1 |     2 |     1 |     1 ||     5
       Trog's Hand       |       |     1 |     3 |     3 ||     7
  Use: Scroll            |       |     5 |    13 |     4 ||    22
 Stab: Sleeping          |       |       |     5 |     1 ||     6
       Distracted        |       |       |     1 |       ||     1
  Eat: Chunk             |    18 |     9 |    30 |    37 ||    94
Armor: Animal skin       |    29 |    28 |   100 |   139 ||   296
Dodge: Dodged            |    34 |    40 |   137 |   354 ||   565
